 Dungeon Crawl Stone Soup version 0.30-a0-474-g5673dd7ce6 (webtiles) character file.

Game seed: 15913457348477236052

200 Bnni the Grave Robber (level 5, 0/38 HPs)
             Began as a Demonspawn Necromancer on Dec 20, 2022.
             Slain by an orc priest
             ... wielding a +0 trident
              (8 damage)
             ... on level 3 of the Dungeon.
             The game lasted 00:06:23 (2445 turns).

Bnni the Grave Robber (Demonspawn Necromancer)      Turns: 2445, Time: 00:06:24

Health: 0/38       AC:  2    Str:  8    XL:     5   Next: 49%
Magic:  1/9        EV: 12    Int: 18    God:
Gold:   145        SH:  0    Dex: 14    Spells: 1/9 levels left

rFire   . . .      SeeInvis +    k - +0 rapier
rCold   . . .      Faith    .    (no shield)
rNeg    . . .      Spirit   .    a - +0 robe
rPois   .          Reflect  .    (no helmet)
rElec   .          Harm     .    (no cloak)
rCorr   +          Rampage  .    (no gloves)
Will    .....                    (no boots)
Stlth   ++........               (no amulet)
HPRegen 0.26/turn                c - ring of resist corrosion
MPRegen 0.11/turn                m - ring of see invisible

@: no status effects
A: hooves 1
a: no special abilities


You were on level 3 of the Dungeon.
You visited 1 branch of the dungeon, and saw 3 of its levels.

You collected 145 gold pieces.

Inventory:

Hand Weapons
 d - a +0 dagger
 k - a +0 rapier (weapon)
Missiles
 p - 4 poisoned darts
Armour
 a - a +0 robe (worn)
Magical Staves
 g - a staff of conjuration
Jewellery
 c - a ring of resist corrosion (left hand)
 i - a ring of ice
 m - a ring of see invisible (right hand)
Scrolls
 f - 4 scrolls of identify {unknown}
 h - a scroll of fear {unknown}
 j - a scroll of enchant weapon {unknown}
 l - 2 scrolls of teleportation {unknown}
 q - 2 scrolls of poison {unknown}
Potions
 b - a potion of magic
 e - a potion of attraction {unknown}
 n - a potion of degeneration {unknown}
 o - 2 potions of heal wounds {unknown}


   Skills:
 + Level 2.1 Fighting
 - Level 1.7 Dodging
 - Level 1.7 Stealth
 - Level 0.1 Unarmed Combat
 + Level 2.9 Spellcasting
 * Level 6.4 Necromancy


You had one spell level left.
You knew the following spells:

 Your Spells              Type           Power      Damage    Failure   Level
a - Necrotise             Necr           100%       1d9       1%          1
c - Vampiric Draining     Necr           25%        2d7       3%          3
d - Animate Dead          Necr           25%        N/A       12%         4

Your spell library contained the following spells:

 Spells                   Type           Power      Damage    Failure   Level
 Agony                    Necr           25%        N/A       32%         5
 Call Canine Familiar     Summ           2%         N/A       45%         3
 Portal Projectile        Hex/Tloc       4%         N/A       45%         3
 Leda's Liquefaction      Hex/Erth       1%         N/A       86%         4


Dungeon Overview and Level Annotations

Branches:
Dungeon (3/15)

Altars:
Dithmenos


Innate Abilities, Weirdness & Mutations

You have large cloven feet.


Message History

The orc hits you with a +0 mace of protection.
* * * LOW HITPOINT WARNING * * *
Press: ? - help, v - describe, . - travel
Here: an orc, wielding a +0 mace of protection and wearing a +0 ring mail (severely wounded)
The floor, spattered with blood.
Unknown command.
Magic courses through your body.
The orc priest hits you but does no damage.
The orc closely misses you.
Casting: Vampiric Draining (dangerous; 3% risk of failure)
Confirm with . or Enter, or press ? or * to list all spells.
Aiming: Vampiric Draining (dangerous; 3% risk of failure)
Press: ? - help, Shift-Dir - straight line, f - orc, p - orc priest
Aim: an orc, wielding a +0 mace of protection and wearing a +0 ring mail (severely wounded)
You draw life force from the orc.
You kill the orc!
You feel life coursing into your body. The ball python barely misses you. x2
The orc priest calls down the wrath of Beogh upon you.
Beogh smites you!
* * * LOW HITPOINT WARNING * * *
Casting: Vampiric Draining (dangerous; 3% risk of failure)
Confirm with . or Enter, or press ? or * to list all spells.
Aiming: Vampiric Draining (dangerous; 3% risk of failure)
Press: ? - help, Shift-Dir - straight line, f - ball python
Aim: a ball python You draw life force from the ball python!
You kill the ball python!
You feel life coursing into your body. The orc priest misses you.
Unknown command.
Casting: Vampiric Draining (dangerous; 3% risk of failure)
Confirm with . or Enter, or press ? or * to list all spells.
Aiming: Vampiric Draining (dangerous; 3% risk of failure)
Press: ? - help, Shift-Dir - straight line, f - endoplasm
Aim: an endoplasm You draw life force from the endoplasm!
You kill the endoplasm!
You feel life coursing into your body.
The orc priest begins to cast a cantrip, but forgets the words!
The orc priest hits you with a +0 trident!
You die...

##.###...###..#.#.#.#...#.#
#.##.#...##..#.....#.#.#.#
#....#.......#...#...#.#.#
####.###........##.###.#.#
#####...##>......##.###.#.#
#.....#.####.....##.##..#.#
.......[.###.....##.##.##.#
..♣♣.♣♣...##.....'..##.##.#
♣..♣.♣..♣..#....@#####....#
♣♣.....♣♣..###.#o..# ######
...._......###.###....#
♣♣.....♣♣......# .......
♣..♣.♣..♣..#######.......
..♣♣.♣♣..................
..........########.......
#..#......# ..###.#
#.........# ### .#


You could see an orc priest.

Vanquished Creatures
  Jessica (D:2)
  An iguana (D:3)
  4 adders (D:2)
  3 gnolls (D:3)
  2 dart slugs
  2 orcs (D:3)
  6 ball pythons
  6 bats
  6 endoplasms
  4 giant cockroaches
  5 goblins
  3 hobgoblins (D:2)
  8 jackals
  2 kobolds
  4 quokkas
  7 frilled lizards
  A rat (D:1)
65 creatures vanquished.

Vanquished Creatures (collateral kills)
  An adder (D:2)
  A ball python (D:3)
  An endoplasm (D:1)
3 creatures vanquished.

Grand Total: 68 creatures vanquished

Notes
Turn   | Place    | Note
-------+----------+-------------------------------------------
     0 | D:1      | Bnni the Demonspawn Necromancer began the quest for the
                  | Orb.
     0 | D:1      | Reached XP level 1. HP: 13/13 MP: 3/3
    84 | D:1      | Gained mutation: You have large cloven feet. [demonic
                  | ancestry]
    84 | D:1      | Reached XP level 2. HP: 19/19 MP: 0/5
   256 | D:1      | Found a faded altar of an unknown god.
   374 | D:1      | Reached skill level 5 in Necromancy
   576 | D:1      | Reached XP level 3. HP: 18/25 MP: 1/6
  1193 | D:2      | Reached skill level 1 in Fighting
  1193 | D:2      | Reached XP level 4. HP: 25/32 MP: 3/7
  1235 | D:2      | Noticed Jessica
  1240 | D:2      | Killed Jessica
  1294 | D:2      | Learned a level 3 spell: Vampiric Draining
  1299 | D:2      | Learned a level 4 spell: Animate Dead
  1448 | D:2      | Reached skill level 6 in Necromancy
  1904 | D:3      | Found a shadowy altar of Dithmenos.
  2003 | D:3      | Reached XP level 5. HP: 24/38 MP: 4/9
  2445 | D:3      | Slain by an orc priest

Illustrated notes

Levels and vault maps discovered:
D:1:      dpeg_arrival_short_road, layout_basic, basic_ecumenical_altar
D:2:      layout_rooms, minmay_misc_feat_tower, uniq_jessica
D:3:      layout_basic, mainiacjoe_overflow_small_starburst

Skill      XL: |  1  2  3  4  5 |
---------------+----------------+-----
Necromancy     | 5 6 |  6.4
Fighting       | 1 2 |  2.1
Dodging        | |  1.7
Stealth        | |  1.7
Unarmed Combat | |  0.1
Spellcasting   | |  2.9

Action                   |  1- 3 |  4- 6 || total
-------------------------+-------+-------++-------
Melee: Unarmed           |    33 |       ||    33
       Dagger            |    60 |       ||    60
       Kick              |    29 |    14 ||    43
       Punch             |     2 |       ||     2
       Rapier            |     4 |    47 ||    51
 Cast: Necrotise         |    36 |    11 ||    47
       Vampiric Draining |       |    13 ||    13
  Use: Potion            |       |     1 ||     1
 Stab: Sleeping          |     2 |     1 ||     3
Armor: Robe              |    10 |     6 ||    16
Dodge: Dodged            |    68 |    47 ||   115

Table legend: (Time is in decaauts)
 A = Elapsed time spent in this place.
 B = Non-inter-level travel time spent in this place.
 C = Inter-level travel time spent in this place.
 D = Time resting spent in this place.
 E = Time spent auto-exploring this place.
 F = Levels seen in this place.
 G = Mean time per level.
                   A        B        C        D        E       F      G
               +--------+--------+--------+--------+--------+-----+--------+
         Total |   2452 |   2421 |     31 |    340 |   1573 |   3 |  817.3 |
       Dungeon |   2452 |   2421 |     31 |    340 |   1573 |   3 |  817.3 |
               +--------+--------+--------+--------+--------+-----+--------+

Top non-repeatable levels by time:
     D:1: 975 daAuts
     D:2: 886 daAuts
     D:3: 590 daAuts
